 Dungeon Crawl Stone Soup version 0.30-a0-458-g86641cc369 (webtiles) character file.

Game seed: 10466769530653884839

100 BigDaddyOpFi the Chopper (level 4, 0/41 HPs)
             Began as a Hill Orc Monk on Dec 14, 2022.
             Slain by an orc
             ... wielding a +0 club
              (4 damage)
             ... on level 4 of the Dungeon.
             The game lasted 00:03:03 (2961 turns).

BigDaddyOpFi the Chopper (Hill Orc Monk)            Turns: 2961, Time: 00:03:03

Health: 0/41       AC: 10    Str: 12 (15) XL:     4   Next: 73%
Magic:  4/4        EV:  6    Int:  7 (10) God:
Gold:   242        SH:  0    Dex: 12 (13) Spells: 3/3 levels left

rFire   . . .      SeeInvis .    a - +0 hand axe
rCold   . . .      Faith    +    (no shield)
rNeg    . . .      Spirit   .    m - +0 chain mail
rPois   .          Reflect  .    (no helmet)
rElec   .          Harm     .    (no cloak)
rCorr   .          Rampage  .    f - +0 pair of gloves
Will    .....                    c - +0 pair of boots
Stlth   ..........               d - amulet of faith
HPRegen 0.26/turn                (no ring)
MPRegen 0.09/turn                (no ring)

@: hasted, very quick
A: no striking features
a: no special abilities


You were on level 4 of the Dungeon.
You visited 1 branch of the dungeon, and saw 4 of its levels.

You collected 242 gold pieces.

Inventory:

Hand Weapons
 a - a +0 hand axe (weapon)
Armour
 c - a +0 pair of boots (worn)
 f - a +0 pair of gloves (worn)
 m - a +0 chain mail (worn)
Jewellery
 d - an amulet of faith (around neck)
Wands
 o - a wand of light (4)
 q - a wand of iceblast (4)
Scrolls
 b - a scroll of immolation {unknown}
 e - a scroll of identify {unknown}
 i - a scroll of enchant weapon {unknown}
 j - a scroll of teleportation {unknown}
 l - a scroll of vulnerability {unknown}
 n - 2 scrolls of fear {unknown}
Potions
 k - 2 potions of degeneration
 p - a potion of lignification {unknown}


   Skills:
 + Level 4.5 Fighting
 + Level 4.9 Axes
 + Level 1.7 Armour
 - Level 2.5 Dodging
 + Level 2.4 Stealth


You had 3 spell levels left.
You didn't know any spells.
Your spell library contained the following spells:

 Spells                   Type           Power      Damage    Failure   Level
 Magic Dart               Conj           0%         1d3       100%        1
 Blink                    Tloc           0%         N/A       100%        2
 Momentum Strike          Conj/Tloc      0%         3d8       100%        2
 Searing Ray              Conj           0%         2d4       100%        2
 Lesser Beckoning         Tloc           0%         N/A       100%        3
 Fulminant Prism          Conj/Hex       0%         3d5       100%        4


Dungeon Overview and Level Annotations

Branches:
Dungeon (4/15)
 Temple: D:4-7

Altars:
Qazlal
Uskayaw
Vehumet
Zin

Shops:
D:3 *


Message History

You are confused.
You feel invigorated. The orc hits you with a +0 flail.
The orc hits you with a +0 hand axe. The orc barely misses you.
The orc hits you with a +0 club.
* * * LOW HITPOINT WARNING * * *
The orc attacks as you move away! The orc hits you with a +0 hand axe.
* * * LOW HITPOINT WARNING * * *
The orc hits you but does no damage.
You completely miss the orc.
The orc is almost dead.
You miss the orc. You closely miss the orc. The orc hits you with a +0 flail!
* * * LOW HITPOINT WARNING * * *
The orc hits you but does no damage. x2
You hit the orc.
You kill the orc!
You barely miss the orc. You hit the orc. You closely miss the orc.
You feel less invigorated.
You feel less confused. The orc hits you but does no damage.
The orc hits you with a +0 flail.
* * * LOW HITPOINT WARNING * * *
The orc barely misses you.
You see here a +0 club.
You closely miss the orc. You hit the orc. You barely miss the orc.
You completely miss the orc. The orc hits you but does no damage. x3
The orc closely misses you.
It was a potion of degeneration.
There was something very wrong with that liquid.
You feel weakened.
You feel dopey.
You feel clumsy. The orc barely misses you. The orc hits you with a +0 club.
* * * LOW HITPOINT WARNING * * *
The orc hits you with a +0 dagger.
* * * LOW HITPOINT WARNING * * *
The orc hits you with a +0 hand axe.
* * * LOW HITPOINT WARNING * * *
Okay, then.
Okay, then.
It was a potion of haste.
You feel yourself speed up. The orc hits you but does no damage.
The orc hits you with a +0 club.
You die...

#.##.#....#.#
.#.#.#.....#.#
#.#.#......#.#
#.#......†#.#
#.....†..#.########
#.................#
#...8......######.#
##8...8....#...<#.#
#...o@o....#.#..#.#
#?..oo.....#.#..#.#
#.#.........#.#..#.#
.............#.#..#.#
..#.#.........#.#..#.#
..#..........#.#..#.#
...#..........#.####.#
.. ##8...8....#......#
...8......########


You could see 4 orcs.

Vanquished Creatures
  An iguana (D:4)
  3 dart slugs
  3 orcs
  10 ball pythons
  8 bats
  5 endoplasms
  3 goblins
  5 hobgoblins
  5 jackals
  4 kobolds
  4 quokkas
  3 frilled lizards (D:2)
  9 rats
63 creatures vanquished.

Notes
Turn   | Place    | Note
-------+----------+-------------------------------------------
     0 | D:1      | BigDaddyOpFi the Hill Orc Monk began the quest for the Orb.
     0 | D:1      | Reached XP level 1. HP: 19/19 MP: 1/1
   282 | D:1      | Reached XP level 2. HP: 27/27 MP: 2/2
  1122 | D:2      | Reached XP level 3. HP: 33/33 MP: 3/3
  1276 | D:2      | Found a faded altar of an unknown god.
  1697 | D:2      | Reached skill level 1 in Armour
  1894 | D:3      | Found a radiant altar of Vehumet.
  2124 | D:3      | Found Zin's Purification Station.
  2134 | D:3      | Found a glowing silver altar of Zin.
  2262 | D:3      | Noticed a +0 falchion
  2263 | D:3      | Noticed a +0 spear
  2264 | D:3      | Noticed a +0 dagger
  2264 | D:3      | Noticed a +0 short sword
  2265 | D:3      | Noticed a +0 falchion
  2265 | D:3      | Noticed a +0 dagger
  2265 | D:3      | Noticed a +0 spear
  2266 | D:3      | Noticed a +0 short sword
  2288 | D:3      | Reached XP level 4. HP: 30/40 MP: 4/4
  2489 | D:3      | Found a hide-covered altar of Uskayaw.
  2818 | D:3      | Found a stormy altar of Qazlal.
  2961 | D:4      | Slain by an orc

Illustrated notes

Levels and vault maps discovered:
D:1:      dpeg_arrival_rooms_with_view, layout_basic, nrook_loot_triangle
D:2:      layout_loops_ring, basic_ecumenical_altar, grunt_decor_one_mirror
D:3:      layout_loops_corners, zin_purify, nicolae_vehumet_radiance,
          nicolae_uskayaw_en_pointe, nicolae_qazlal_eye_of_the_storm,
          chequers_decorated_corner, chequers_jeans
D:4:      wad_pebble_path, layout_basic, serial_shops,
          nicolae_shop_hallway_plus, minmay_lizard_king

Skill      XL: |  1  2  3 |
---------------+----------+-----
Fighting       | 4 |  4.5
Stealth        | 2 |  2.4
Armour         | 1 |  1.7
Axes           | |  4.9
Dodging        | |  2.5

Action                   |  1- 3 |  4- 6 || total
-------------------------+-------+-------++-------
Melee: Hand axe          |   172 |    54 ||   226
       Punch             |     3 |     1 ||     4
  Use: Potion            |     1 |     3 ||     4
 Stab: Sleeping          |     5 |       ||     5
Armor: Robe              |     8 |       ||     8
       Ring mail         |    27 |       ||    27
       Chain mail        |    48 |    47 ||    95
Dodge: Dodged            |    89 |    28 ||   117

Table legend: (Time is in decaauts)
 A = Elapsed time spent in this place.
 B = Non-inter-level travel time spent in this place.
 C = Inter-level travel time spent in this place.
 D = Time resting spent in this place.
 E = Time spent auto-exploring this place.
 F = Levels seen in this place.
 G = Mean time per level.
                   A        B        C        D        E       F      G
               +--------+--------+--------+--------+--------+-----+--------+
         Total |   2978 |   2825 |    153 |      0 |   2266 |   4 |  744.5 |
       Dungeon |   2978 |   2825 |    153 |      0 |   2266 |   4 |  744.5 |
               +--------+--------+--------+--------+--------+-----+--------+

Top non-repeatable levels by time:
     D:1: 1122 daAuts
     D:3: 997 daAuts
     D:2: 779 daAuts
     D:4: 77 daAuts
